[Event "December 19 Late 2023"]
[Site "https://www.chess.com"]
[Date "2023.12.19"]
[Round "8"]
[White "Marin Pincheira, Carlos"]
[Black "Ivanov, Aleksandr"]
[Result "1-0"]
[Board "119"]
[TimeControl "180+1"]
[WhiteFideId "3407543"]
[BlackFideId "2092980"]
[WhiteElo "2080"]
[BlackElo "2140"]
[WhiteTeam "CHI"]
[BlackTeam "USA"]
[WhiteClock "0:00:18"]
[BlackClock "0:00:00"]

1. d4 d5 2. c4 e6 3. Nf3 c6 4. Qc2 dxc4 5. Qxc4 b5 6. Qc2 Bb7 7. Nc3 Nd7 8. Bf4 Ngf6 9. e3 Be7 10. Bd3 a6 11. O-O h6 12. a4 b4 13. Ne4 Nxe4 14. Bxe4 Rc8 15. Rfd1 O-O 16. Bh7+ Kh8 17. Be4 Nf6 18. Ne5 Nxe4 19. Qxe4 Ba8 20. Qd3 a5 21. Qa6 Qd5 22. Rac1 Kg8 23. Nc4 c5 24. f3 cxd4 25. Rxd4 Qh5 26. Rcd1 Bf6 27. Rd7 Bxf3 28. gxf3 Qxf3 29. b3 e5 30. Bg3 Bg5 31. Qb6 Rxc4 32. Bf2 Rg4+ 33. Kf1 Bh4 34. R1d2 Rg2 35. e4 Bxf2 36. Rxf2 Rxf2+ 37. Qxf2 1-0

[Event "December 19 Late 2023"]
[Site "https://www.chess.com"]
[Date "2023.12.19"]
[Round "8"]
[White "Sailer, Mike"]
[Black "Gerbelli Neto, Eduardo"]
[Result "1-0"]
[Board "120"]
[TimeControl "180+1"]
[WhiteFideId "2012901"]
[BlackFideId "2103281"]
[WhiteElo "2109"]
[BlackElo "2178"]
[WhiteTeam "USA"]
[BlackTeam "BRA"]
[WhiteClock "0:01:08"]
[BlackClock "0:00:52"]

1. d4 d5 2. Bf4 Nf6 3. e3 Bf5 4. Nc3 c6 5. Nf3 Nbd7 6. Ne5 e6 7. g4 Bg6 8. h4 h6 9. Nxg6 fxg6 10. Bd3 Kf7 11. Qf3 Bb4 12. O-O-O Bxc3 13. bxc3 Nf8 14. g5 hxg5 15. hxg5 Rxh1 16. Rxh1 Qa5 17. gxf6 Qxc3 18. fxg7 1-0

[Event "December 19 Late 2023"]
[Site "https://www.chess.com"]
[Date "2023.12.19"]
[Round "8"]
[White "Saim, Mohamed Ilias"]
[Black "Biernacki, Mark"]
[Result "0-1"]
[Board "121"]
[TimeControl "180+1"]
[WhiteFideId "7900465"]
[BlackFideId "2082322"]
[WhiteElo "2063"]
[BlackElo "1965"]
[WhiteTeam "ALG"]
[BlackTeam "USA"]
[WhiteClock "0:00:08"]
[BlackClock "0:00:13"]

1. d4 d5 2. c4 dxc4 3. e4 b5 4. a4 c6 5. axb5 cxb5 6. b3 e5 7. d5 Nf6 8. Bg5 Bb4+ 9. Nd2 c3 10. Bxb5+ Bd7 11. Bd3 h6 12. Be3 Ng4 13. Ngf3 Nxe3 14. fxe3 cxd2+ 15. Nxd2 Qg5 16. Qf3 O-O 17. Qf2 Bc5 18. Nc4 Bb5 19. h4 Bb4+ 20. Kf1 Qe7 21. g4 Nd7 22. g5 Nc5 23. gxh6 Nxd3 24. Qg3 Qf6+ 25. Ke2 Qxh6 26. Kxd3 Bxc4+ 27. bxc4 Bd6 28. Rag1 Rfb8 29. Kc2 Rb4 30. Kc3 Rc8 31. Qg4 Rbxc4+ 32. Kd3 Rc3+ 33. Kd2 Qxe3+ 34. Kd1 Rc1# 0-1

[Event "December 19 Late 2023"]
[Site "https://www.chess.com"]
[Date "2023.12.19"]
[Round "8"]
[White "Novikova, Margarita"]
[Black "Kornyukov, Alexey"]
[Result "1-0"]
[Board "122"]
[TimeControl "180+1"]
[WhiteFideId "14109689"]
[BlackFideId "4150457"]
[WhiteElo "2090"]
[BlackElo "2352"]
[WhiteTeam "GER"]
[BlackTeam "RUS"]
[WhiteClock "0:00:28"]
[BlackClock "0:00:00"]

1. e4 c5 2. Nc3 Nc6 3. d3 g6 4. Be3 d6 5. g3 Bg7 6. Qd2 e5 7. Bg2 Be6 8. Nge2 h5 9. Nd1 Nd4 10. c3 Bh3 11. Rg1 Bxg2 12. cxd4 exd4 13. Rxg2 dxe3 14. Nxe3 Ne7 15. f4 b5 16. Kf2 h4 17. f5 d5 18. Nf4 dxe4 19. Rd1 hxg3+ 20. hxg3 exd3 21. Qxd3 Qxd3 22. Rxd3 Bxb2 23. fxg6 fxg6 24. Ne6 Rc8 25. Rb3 Bc1 26. Ng4 b4 27. Rf3 Bb2 28. Kf1 Bc3 29. Re2 Kd7 30. Kg2 Rhe8 31. Nf4 1-0

[Event "December 19 Late 2023"]
[Site "https://www.chess.com"]
[Date "2023.12.19"]
[Round "8"]
[White "Egorov, Konstantin"]
[Black "Merriman, John"]
[Result "1-0"]
[Board "123"]
[TimeControl "180+1"]
[WhiteFideId "24154369"]
[BlackFideId "402362"]
[WhiteElo "1878"]
[BlackElo "2207"]
[WhiteTeam "RUS"]
[BlackTeam "ENG"]
[WhiteClock "0:00:30"]
[BlackClock "0:00:00"]

1. d4 Nf6 2. c4 c5 3. d5 e6 4. Nc3 exd5 5. cxd5 d6 6. e4 g6 7. h3 Bg7 8. Nf3 O-O 9. Be3 Re8 10. Bd3 c4 11. Bc2 b5 12. Nxb5 Qa5+ 13. Nc3 Nxe4 14. Bxe4 Rxe4 15. O-O Re8 16. Bd4 Bh6 17. Re1 Bd7 18. Rxe8+ Bxe8 19. Ne4 Nd7 20. Bc3 Qb6 21. Nh2 f5 22. Nd2 Qc5 23. Qe2 Qxd5 24. Nxc4 Bf7 25. b3 Re8 26. Qb2 Nc5 27. Ne3 Qc6 28. Nhf1 Nd3 29. Qd2 d5 30. Qxd3 Rc8 31. Bb2 f4 32. Qd4 Be6 33. Qh8+ Kf7 34. Qxh7+ Ke8 35. Qxh6 fxe3 36. Nxe3 Bf7 37. Qh8+ Kd7 38. Qe5 d4 39. Bxd4 Be6 40. Rd1 Ke8 41. b4 Qa4 42. Bc5 Rc6 43. Qh8+ 1-0

[Event "December 19 Late 2023"]
[Site "https://www.chess.com"]
[Date "2023.12.19"]
[Round "8"]
[White "GirthyHuell"]
[Black "Reinecke, Katharina"]
[Result "1-0"]
[Board "124"]
[TimeControl "180+1"]
[BlackFideId "12929727"]
[WhiteElo "2294"]
[BlackElo "1761"]
[BlackTeam "GER"]
[WhiteClock "0:00:57"]
[BlackClock "0:00:00"]

1. e4 c6 2. d4 d5 3. f3 e6 4. Be3 Nf6 5. e5 Nfd7 6. f4 c5 7. c3 Nc6 8. Nf3 cxd4 9. cxd4 a6 10. Bd3 b5 11. Nc3 Qb6 12. Bc2 a5 13. f5 Ba6 14. fxe6 fxe6 15. Ng5 Ne7 16. Qh5+ g6 17. Qf3 Nf5 18. g4 Nxe3 19. Qf7+ Kd8 20. Nxe6+ Kc8 21. Qe8+ Kb7 22. Qxd7+ Kb8 23. Nd8 Nxc2+ 24. Kf1 b4+ 25. Kg2 Ne3+ 26. Kf3 bxc3 27. Nc6+ Qxc6 28. Qxc6 Nc4 29. bxc3 Ka7 30. Qc7+ Bb7 31. Rab1 Rb8 32. Rb5 Bh6 33. Rhb1 Rhf8+ 34. Kg2 Ne3+ 35. Kg3 1-0

[Event "December 19 Late 2023"]
[Site "https://www.chess.com"]
[Date "2023.12.19"]
[Round "8"]
[White "Chiquitita23"]
[Black "Cardozo Munar, Carlos Eduardo"]
[Result "0-1"]
[Board "125"]
[TimeControl "180+1"]
[BlackFideId "4409477"]
[WhiteElo "1976"]
[BlackElo "2067"]
[BlackTeam "COL"]
[WhiteClock "0:00:13"]
[BlackClock "0:01:35"]

1. e4 e6 2. d4 d5 3. Nc3 Nf6 4. e5 Nfd7 5. f4 c5 6. Nf3 Nc6 7. Be3 Qb6 8. Be2 cxd4 9. Nxd4 Bb4 10. O-O Bc5 11. Na4 Bxd4 12. Nxb6 Bxe3+ 13. Kh1 Bxb6 14. c4 dxc4 15. Bxc4 O-O 16. Qh5 Nd4 17. Rad1 g6 18. Qg4 Kg7 19. Rd3 Nf5 20. Rh3 Rd8 21. Bd3 Nf8 22. Bxf5 exf5 23. Qh4 Be6 24. Qf6+ Kg8 25. b3 Rd2 26. a4 Bd8 0-1

[Event "December 19 Late 2023"]
[Site "https://www.chess.com"]
[Date "2023.12.19"]
[Round "8"]
[White "De Souza, Cristiano Gomes"]
[Black "Kostiukov, Alexandr"]
[Result "1-0"]
[Board "126"]
[TimeControl "180+1"]
[WhiteFideId "2151758"]
[BlackFideId "14108100"]
[WhiteElo "2068"]
[BlackElo "2112"]
[WhiteTeam "BRA"]
[BlackTeam "UKR"]
[WhiteClock "0:00:18"]
[BlackClock "0:00:00"]

1. d4 g6 2. Nf3 Bg7 3. g3 Nf6 4. Bg2 O-O 5. O-O c5 6. b3 cxd4 7. Nxd4 d5 8. Bb2 Nc6 9. Nxc6 bxc6 10. Na3 Re8 11. c4 e5 12. cxd5 cxd5 13. Rc1 Bb7 14. Nb5 Re7 15. Ba3 Rd7 16. Qd2 a6 17. Nc3 Qa5 18. Bb2 d4 19. Ne4 Qxd2 20. Nxd2 Bxg2 21. Kxg2 Nd5 22. Nc4 Re8 23. Rfd1 Bh6 24. Ra1 Nb4 25. a3 Nc6 26. Bc1 Bg7 27. Ra2 e4 28. Bf4 f5 29. h4 Rd5 30. Rc2 Re6 31. Rdc1 Bf8 32. Nb6 Rb5 33. Rxc6 Rxb6 34. Rxe6 Rxe6 35. b4 Rb6 36. Rc8 Kf7 37. Rc7+ Kg8 38. Be5 h5 39. Bxd4 Rd6 40. Bc5 Rd8 41. Bxf8 Kxf8 42. Rc6 Rd2 43. Rxg6 Kf7 44. Rxa6 Rxe2 45. Kf1 Rb2 46. Rh6 Rb3 47. Rxh5 Kg6 48. Rh8 Rxa3 49. Rb8 Ra1+ 50. Kg2 Ra2 51. Kg1 Ra1+ 52. Kg2 Ra2 53. Rb6+ Kg7 54. Kg1 Ra1+ 55. Kh2 Ra2 56. Kh3 Rxf2 57. h5 Rf1 58. h6+ Kh7 59. Rf6 e3 60. Re6 Rf3 61. Kg2 Rf2+ 62. Kh3 Rf3 63. b5 f4 64. Kg4 Rxg3+ 65. Kxf4 1-0

[Event "December 19 Late 2023"]
[Site "https://www.chess.com"]
[Date "2023.12.19"]
[Round "8"]
[White "Igel2023"]
[Black "Kniazev, Igor"]
[Result "0-1"]
[Board "128"]
[TimeControl "180+1"]
[BlackFideId "4136349"]
[WhiteElo "2233"]
[BlackElo "1853"]
[BlackTeam "RUS"]
[WhiteClock "0:02:30"]
[BlackClock "0:02:47"]

1. e4 e5 2. Nf3 Nf6 3. Nc3 Bb4 4. Nxe5 O-O 5. Nd3 Bxc3 6. dxc3 Nxe4 7. Be2 Re8 8. c4 d6 9. O-O Nc6 10. b3 Nd4 11. Re1 Nc3 0-1

[Event "December 19 Late 2023"]
[Site "https://www.chess.com"]
[Date "2023.12.19"]
[Round "8"]
[White "Guevara Sanchez, Erick Marvin"]
[Black "Khokhlova, Daria"]
[Result "0-1"]
[Board "130"]
[TimeControl "180+1"]
[WhiteFideId "6700136"]
[BlackFideId "24182729"]
[WhiteElo "2040"]
[BlackElo "2032"]
[WhiteTeam "ESA"]
[BlackTeam "FID"]
[WhiteClock "0:00:09"]
[BlackClock "0:00:17"]

1. e4 c5 2. Ke2 Nc6 3. Ke1 d5 4. exd5 Qxd5 5. Nc3 Qd8 6. Nf3 Nf6 7. d3 e6 8. g3 Be7 9. Bg2 O-O 10. Be3 e5 11. Qd2 Qc7 12. Ke2 Bg4 13. h3 Be6 14. Rhe1 Nd4+ 15. Kf1 Bxh3 16. Bxd4 Bxg2+ 17. Kxg2 exd4 18. Ne4 Nxe4 19. Rxe4 Bf6 20. Rh1 Rfe8 21. Ng5 h6 22. Nf3 Rxe4 23. dxe4 Re8 24. Re1 Qc6 25. Qe2 b5 26. Kg1 Bd8 27. Nd2 c4 28. f4 Bb6 29. Kh2 Rd8 30. Nf3 d3 31. cxd3 cxd3 32. Qd2 Qc4 33. b3 Qe6 34. Ne5 Rd4 35. Re3 Ba5 36. Qd1 d2 37. Re2 f6 38. Nf3 Rxe4 39. Rxe4 Qxe4 40. Nxd2 Qd3 41. Qg4 Qxd2+ 42. Kh3 Qd6 43. Qc8+ Bd8 44. f5 Kh7 45. Qb7 Bc7 46. Qf3 Qe5 47. Qg4 Qxg3+ 48. Qxg3 Bxg3 49. Kxg3 g6 50. Kf4 g5+ 51. Ke4 h5 52. Kd5 h4 53. Ke4 g4 54. b4 h3 55. Ke3 Kh6 56. Kf4 h2 0-1

[Event "December 19 Late 2023"]
[Site "https://www.chess.com"]
[Date "2023.12.19"]
[Round "8"]
[White "Guzman Lozano, Campo Elias"]
[Black "Sabar Ethmane Daouda"]
[Result "1-0"]
[Board "131"]
[TimeControl "180+1"]
[WhiteFideId "4403746"]
[BlackFideId "19600097"]
[WhiteElo "2099"]
[BlackElo "1950"]
[WhiteTeam "COL"]
[BlackTeam "MTN"]
[WhiteClock "0:01:59"]
[BlackClock "0:00:15"]

1. e4 c5 2. Nc3 Nc6 3. g3 e5 4. Bg2 d6 5. d3 Nf6 6. Nf3 Be7 7. O-O Bg4 8. h3 Be6 9. Ng5 Qd7 10. Nxe6 fxe6 11. f4 exf4 12. gxf4 O-O 13. Be3 Rab8 14. a4 b6 15. Qd2 a6 16. Kh2 b5 17. axb5 axb5 18. Ne2 b4 19. c3 bxc3 20. bxc3 Ne8 21. Rfb1 Rxb1 22. Rxb1 Qa7 23. d4 cxd4 24. cxd4 Qa3 25. Qc3 Qxc3 26. Nxc3 Bf6 27. e5 dxe5 28. fxe5 Nxe5 29. Ne4 Nc4 30. Nxf6+ Nxf6 31. Bg1 Nd5 32. Re1 Rf6 33. Rxe6 Nf4 34. Rxf6 gxf6 35. Be4 Nd6 36. Bc2 Kg7 37. Be3 Ne6 38. Kg3 Nf5+ 39. Bxf5 1-0

[Event "December 19 Late 2023"]
[Site "https://www.chess.com"]
[Date "2023.12.19"]
[Round "8"]
[White "Harrington, Steve"]
[Black "Vila Dupla, Aurelio"]
[Result "1-0"]
[Board "132"]
[TimeControl "180+1"]
[WhiteFideId "2038730"]
[BlackFideId "2203383"]
[WhiteElo "2153"]
[BlackElo "2009"]
[WhiteTeam "USA"]
[BlackTeam "ESP"]
[WhiteClock "0:00:05"]
[BlackClock "0:00:00"]

1. e4 c5 2. c3 d5 3. exd5 Qxd5 4. d4 Nf6 5. Nf3 Bg4 6. Be2 Nc6 7. O-O e6 8. h3 Bh5 9. Re1 Be7 10. Be3 cxd4 11. cxd4 O-O 12. Nc3 Qd6 13. Rc1 Rfd8 14. a3 Rac8 15. b4 Nd5 16. Ne4 Qb8 17. Nc5 b6 18. Nd3 Nxe3 19. fxe3 Bf6 20. Nf4 Bxf3 21. Bxf3 Nxd4 22. Rxc8 Nxf3+ 23. Qxf3 Qxc8 24. Nh5 Be5 25. Rf1 Rd7 26. Qe4 Qc7 27. Qa8+ Rd8 28. Qe4 Bh2+ 29. Kh1 Bd6 30. Qg4 Bf8 31. Rf4 Kh8 32. Rf1 Qe7 33. Nf4 g6 34. Qf3 Bg7 35. Qe2 Qd7 36. Qa6 h5 37. h4 Kg8 38. Nh3 Qd3 39. Qxd3 Rxd3 40. Ng5 Rxa3 41. Nxf7 Rxe3 42. Ng5 Rb3 43. Nxe6 Rxb4 44. Rd1 Rxh4+ 45. Kg1 Be5 46. Rd7 Re4 47. Ng5 Re1+ 48. Kf2 1-0

[Event "December 19 Late 2023"]
[Site "https://www.chess.com"]
[Date "2023.12.19"]
[Round "8"]
[White "Clarke, Matthew"]
[Black "Thake, Conrad"]
[Result "0-1"]
[Board "133"]
[TimeControl "180+1"]
[WhiteFideId "3227804"]
[BlackFideId "5602947"]
[WhiteElo "2026"]
[BlackElo "1662"]
[WhiteTeam "AUS"]
[BlackTeam "MLT"]
[WhiteClock "0:00:00"]
[BlackClock "0:01:10"]

1. d4 Nf6 2. c4 c5 3. d5 b5 4. cxb5 a6 5. bxa6 Bxa6 6. Nc3 d6 7. e4 g6 8. Nf3 Bg7 9. Bxa6 Nxa6 10. O-O O-O 11. Nd2 Qb6 12. a4 Nd7 13. Nb5 Rfb8 14. Nc4 Qb7 15. Na5 Qb6 16. Nc6 Re8 17. Bg5 f6 18. Bd2 Nab8 19. Nxb8 Qxb8 20. Bc3 Nb6 21. Qb3 Rc8 22. a5 c4 23. Qb4 Nd7 24. Nd4 Qxb4 25. Bxb4 f5 26. Nc6 Kf7 27. exf5 Bxb2 28. fxg6+ hxg6 29. Rab1 c3 30. f4 Nf6 31. Rf3 Nxd5 0-1

[Event "December 19 Late 2023"]
[Site "https://www.chess.com"]
[Date "2023.12.19"]
[Round "8"]
[White "Vargas, Mauricio"]
[Black "Oliveira, Tiago Batista"]
[Result "1-0"]
[Board "134"]
[TimeControl "180+1"]
[WhiteFideId "4404572"]
[BlackFideId "2108291"]
[WhiteElo "1982"]
[BlackElo "1962"]
[WhiteTeam "COL"]
[BlackTeam "BRA"]
[WhiteClock "0:00:06"]
[BlackClock "0:00:00"]

1. e4 e5 2. Nf3 Nc6 3. d4 exd4 4. Bc4 Bc5 5. c3 Nf6 6. e5 d5 7. Bb5 Ne4 8. Nxd4 Bxd4 9. cxd4 O-O 10. O-O Bf5 11. Be3 f6 12. Bxc6 bxc6 13. Qc1 Rb8 14. b3 fxe5 15. dxe5 d4 16. Rd1 c5 17. Bf4 Qh4 18. Rf1 Bg6 19. g3 Qh5 20. f3 Nc3 21. Nxc3 dxc3 22. Qxc3 Rbd8 23. Qxc5 Rd3 24. Qc4+ Kh8 25. Kg2 Rfd8 26. Rae1 Qf5 27. Rf2 c6 28. e6 Be8 29. e7 R8d5 30. Qxc6 Qd7 31. Qxd7 Rxd7 32. Rfe2 h6 33. Bc1 Kg8 34. Ba3 Kf7 35. Bc5 Rd2 36. a3 Rxe2+ 37. Rxe2 Rd3 38. Rb2 a6 39. a4 Bc6 40. Rf2 Ke8 41. b4 1-0

[Event "December 19 Late 2023"]
[Site "https://www.chess.com"]
[Date "2023.12.19"]
[Round "8"]
[White "Alimpic, Aleksa"]
[Black "Gulamirian, Korun"]
[Result "1-0"]
[Board "135"]
[TimeControl "180+1"]
[WhiteFideId "974323"]
[BlackFideId "4144899"]
[WhiteElo "2290"]
[BlackElo "1621"]
[WhiteTeam "SRB"]
[BlackTeam "RUS"]
[WhiteClock "0:00:12"]
[BlackClock "0:00:19"]

1. Nf3 Nf6 2. g3 g6 3. b3 Bg7 4. Bb2 O-O 5. Bg2 c6 6. O-O e6 7. c4 d5 8. d4 Nbd7 9. Nc3 a5 10. e3 Nb6 11. c5 Nbd7 12. Ne2 b5 13. a3 Ba6 14. Re1 b4 15. a4 Ne4 16. Nf4 Nexc5 17. Rc1 Ne4 18. Rxc6 Bb7 19. Rc2 Rc8 20. Nd3 Nc3 21. Qd2 Ne4 22. Qe2 Rxc2 23. Qxc2 Qc8 24. Rc1 Ba6 25. Nfe1 Qxc2 26. Rxc2 Rc8 27. Rxc8+ Bxc8 28. f3 Nd2 29. Nc1 Ba6 30. Kf2 e5 31. dxe5 Nxe5 32. Bxe5 Bxe5 33. f4 Bb2 34. Ncd3 Nxb3 35. Nxb2 d4 36. exd4 Nxd4 37. Ned3 f6 38. Ke3 Nb3 39. Bd5+ Kg7 40. Bxb3 h5 41. Nc4 g5 42. Nxa5 h4 43. fxg5 fxg5 44. gxh4 gxh4 45. Nxb4 Kf6 46. Nxa6 Kg5 47. Nb4 Kg4 48. Be6+ Kg5 49. Nc4 Kh5 50. Ne5 Kg5 51. Ng6 Kf6 52. Bc8 Kxg6 53. Nd5 Kg5 54. h3 Kg6 55. Kf4 Kf7 56. Kg4 Ke8 57. Kxh4 Kd8 58. Bg4 Ke8 59. a5 Kf7 60. a6 Kg6 61. Ne3 Kf6 62. a7 Ke5 63. Ng2 Ke4 64. Kg3 Ke5 65. a8=Q Kd4 66. Qd5+ Kxd5 67. Kf4 Kd6 68. Ne3 Ke7 69. Kf5 Kf8 70. Nd5 Kg7 71. Nf6 Kh6 72. Nh5 Kh7 73. Kg5 Kh8 74. Kg6 Kg8 75. Ng7 Kh8 76. Nf5 Kg8 77. Nh6+ Kh8 78. Nf7+ Kg8 79. Kf6 Kh7 80. Bf5+ Kg8 81. Bg6 Kf8 82. Bh7 Ke8 83. Ne5 Kf8 84. Nd7+ Ke8 85. Ke6 Kd8 86. Kd6 Ke8 87. Bg6+ Kd8 88. Bf7 Kc8 89. Nc5 Kd8 90. Nb7+ Kc8 91. Kc6 Kb8 92. Kb6 Kc8 93. Be6+ Kb8 94. Nc5 Ka8 95. Bd7 Kb8 96. Na6+ Ka8 97. Bc6# 1-0

[Event "December 19 Late 2023"]
[Site "https://www.chess.com"]
[Date "2023.12.19"]
[Round "9"]
[White "Niemann, Hans Moke"]
[Black "Esipenko, Andrey"]
[Result "1-0"]
[Board "1"]
[TimeControl "180+1"]
[WhiteFideId "2093596"]
[BlackFideId "24175439"]
[WhiteElo "2614"]
[BlackElo "2615"]
[WhiteTeam "USA"]
[BlackTeam "FID"]
[WhiteClock "0:00:10"]
[BlackClock "0:00:00"]

1. e4 e5 2. Nf3 Nc6 3. Bc4 Nf6 4. d3 Be7 5. O-O O-O 6. Re1 d6 7. a4 Be6 8. Nbd2 Bxc4 9. Nxc4 h6 10. h3 Re8 11. c3 Bf8 12. a5 d5 13. exd5 Qxd5 14. Ne3 Qd7 15. Qb3 Rab8 16. Rd1 b6 17. axb6 axb6 18. Qb5 Qe6 19. Nc4 Rbd8 20. Re1 Rd5 21. Qa6 b5 22. Ncd2 Rxd3 23. Qxb5 Rd5 24. Qc4 e4 25. Ra6 Bc5 26. Nd4 Bxd4 27. Rxc6 Bxf2+ 28. Kxf2 e3+ 29. Kf1 Qf5+ 30. Nf3 e2+ 31. Kg1 Rd1 32. Bd2 Nd5 33. Rc5 c6 34. Rxc6 Qd7 35. Rc5 Nb6 36. Qd4 Qb7 37. Re5 Rxe5 38. Qxe5 Qa6 39. Qe8+ Kh7 40. Qe4+ Kg8 41. Kf2 Nc4 42. Qxe2 Qb6+ 43. Be3 1-0

[Event "December 19 Late 2023"]
[Site "https://www.chess.com"]
[Date "2023.12.19"]
[Round "9"]
[White "Sjugirov, Sanan"]
[Black "Bluebaum, Matthias"]
[Result "0-1"]
[Board "2"]
[TimeControl "180+1"]
[WhiteFideId "4189302"]
[BlackFideId "24651516"]
[WhiteElo "2569"]
[BlackElo "2621"]
[WhiteTeam "HUN"]
[BlackTeam "GER"]
[WhiteClock "0:00:00"]
[BlackClock "0:01:29"]

1. Nf3 d5 2. g3 e6 3. Bg2 Nf6 4. O-O Bd6 5. c4 O-O 6. b3 Nc6 7. Bb2 d4 8. Na3 e5 9. d3 Re8 10. Nc2 a5 11. a3 h6 12. Rb1 Bf5 13. Nd2 Bc5 14. b4 axb4 15. axb4 Nxb4 16. Nxb4 Bxb4 17. Bxb7 Rb8 18. Bg2 c5 19. Qc2 Qd7 20. Ra1 Bh3 21. Ba3 Bxd2 22. Qxd2 Bxg2 23. Kxg2 e4 24. Kg1 Qh3 25. f3 e3 26. Qe1 Nh5 27. Bxc5 Re6 28. Bxd4 Nf4 29. gxf4 Rg6+ 30. Qg3 Rxg3+ 31. hxg3 Qxg3+ 32. Kh1 Qh4+ 33. Kg2 Qxf4 34. Ba7 Re8 35. Rg1 Qh4 36. Raf1 Re6 37. f4 Rg6+ 38. Kf3 Rxg1 39. Rxg1 Qf2+ 0-1

[Event "December 19 Late 2023"]
[Site "https://www.chess.com"]
[Date "2023.12.19"]
[Round "9"]
[White "Maksimovic, Bojan"]
[Black "Sarana, Alexey"]
[Result "1-0"]
[Board "3"]
[TimeControl "180+1"]
[WhiteFideId "14408120"]
[BlackFideId "24133795"]
[WhiteElo "2527"]
[BlackElo "2707"]
[WhiteTeam "BIH"]
[BlackTeam "SRB"]
[WhiteClock "0:00:02"]
[BlackClock "0:00:00"]

1. a3 e5 2. e3 d5 3. d4 Nd7 4. c4 Ngf6 5. Nc3 exd4 6. exd4 c6 7. cxd5 cxd5 8. Bd3 Bd6 9. Nge2 O-O 10. O-O h6 11. Bf4 Nb6 12. Qd2 Re8 13. Rfe1 Bg4 14. f3 Be6 15. Bxd6 Qxd6 16. Qf4 Qxf4 17. Nxf4 g5 18. Nxe6 Rxe6 19. Rxe6 fxe6 20. f4 gxf4 21. Rf1 Kg7 22. Ne2 Nh5 23. Nxf4 Nxf4 24. Rxf4 Rc8 25. Rg4+ Kf7 26. Rh4 Kg7 27. Rg4+ Kf7 28. Rh4 Rh8 29. Kf2 Na4 30. b3 Nb6 31. Ke3 Nd7 32. Rf4+ Nf6 33. g4 Ke7 34. h3 Rc8 35. Kd2 a5 36. Rf1 Rf8 37. Rc1 Kd6 38. Rf1 b6 39. Ke3 Ke7 40. Rc1 Kd6 41. Bb5 Ne4 42. Rc6+ Ke7 43. Rxb6 Ng5 44. h4 Ne4 45. Bd3 Nd6 46. g5 hxg5 47. hxg5 Rh8 48. Kf2 Rh3 49. Bb1 Rh4 50. Kg3 Rxd4 51. g6 Rd1 52. Bc2 Rg1+ 53. Kf2 Rg5 54. Ra6 Nb5 55. Bd3 Nd4 56. b4 axb4 57. axb4 Nf5 58. Bxf5 Rxf5+ 59. Ke3 Rg5 60. g7 Kf6 61. Ra7 e5 62. b5 Rg3+ 63. Kf2 Rg6 64. b6 1-0

[Event "December 19 Late 2023"]
[Site "https://www.chess.com"]
[Date "2023.12.19"]
[Round "9"]
[White "Deac, Bogdan-Daniel"]
[Black "Nakamura, Hikaru"]
[Result "0-1"]
[Board "4"]
[TimeControl "180+1"]
[WhiteFideId "1226380"]
[BlackFideId "2016192"]
[WhiteElo "2641"]
[BlackElo "2874"]
[WhiteTeam "ROU"]
[BlackTeam "USA"]
[WhiteClock "0:00:08"]
[BlackClock "0:00:07"]

1. d4 Nf6 2. c4 e6 3. Nf3 Nc6 4. g3 g6 5. Bg2 d6 6. Nc3 Bg7 7. O-O O-O 8. h3 Re8 9. Be3 a6 10. Rc1 Rb8 11. Qd2 b6 12. d5 Na5 13. b3 e5 14. Bg5 Bd7 15. e4 Qc8 16. Kh2 Nb7 17. b4 a5 18. a3 Kh8 19. Bh6 Bxh6 20. Qxh6 Ng8 21. Qh4 f6 22. Ne1 axb4 23. axb4 Ra8 24. Nc2 Nd8 25. f4 Nf7 26. Rf2 Rf8 27. Rcf1 exf4 28. gxf4 Qe8 29. Qg3 g5 30. fxg5 Nxg5 31. c5 bxc5 32. bxc5 Qe7 33. cxd6 cxd6 34. Nd4 Ra3 35. Nc2 Raa8 36. Nd4 Rfc8 37. Nc6 Bxc6 38. dxc6 Qe5 39. Nd5 Rxc6 40. Nxf6 Nf7 41. Qxe5 Nxe5 42. Nd5 Ra7 43. Rb2 Rg7 44. Rd1 Rc8 45. Re2 Rf8 46. Ne3 Rg6 47. Nf5 Rff6 48. Red2 Nf7 49. Rd5 Ngh6 50. Nxh6 Rxh6 51. R5d2 Rhg6 52. Re2 Ne5 53. Red2 Kg7 54. Re2 Kf7 55. Rb1 Rg5 56. Rc2 Kg6 57. Rb7 h6 58. Rd2 Kh5 59. Rb3 Kh4 60. Re2 Rgg6 61. Rd2 Rf4 62. Re2 Rf7 63. Rc3 Rfg7 64. Rd2 Rg5 65. Re2 R7g6 66. Rce3 Rg3 67. Rxg3 Rxg3 68. Rd2 Rxh3+ 69. Kg1 Rd3 70. Re2 Kg3 71. Re1 Rd2 72. Re3+ Kf4 73. Rh3 Rd1+ 74. Kf2 Rd2+ 75. Kf1 Ng4 76. Rf3+ Ke5 77. Kg1 Rd1+ 78. Bf1 Kxe4 79. Rh3 Ne3 80. Rh4+ Kf3 81. Rh3+ Kf4 82. Kf2 Rxf1+ 83. Ke2 Ra1 84. Rf3+ Kg4 85. Rxe3 Ra2+ 86. Kf1 Rd2 87. Re4+ Kf3 88. Re1 Rh2 89. Kg1 Rg2+ 90. Kh1 Rd2 91. Kg1 d5 92. Re6 Rd1+ 93. Kh2 d4 94. Rxh6 d3 95. Re6 Rf1 96. Rd6 Ke2 97. Re6+ Kd1 98. Rd6 d2 99. Kg2 Rf5 0-1

[Event "December 19 Late 2023"]
[Site "https://www.chess.com"]
[Date "2023.12.19"]
[Round "9"]
[White "Lazavik, Denis"]
[Black "Bortnyk, Olexandr"]
[Result "1-0"]
[Board "5"]
[TimeControl "180+1"]
[WhiteFideId "13515110"]
[BlackFideId "14120828"]
[WhiteElo "2556"]
[BlackElo "2731"]
[WhiteTeam "BLR"]
[BlackTeam "UKR"]
[WhiteClock "0:00:08"]
[BlackClock "0:00:00"]

1. d4 d6 2. Nf3 Nf6 3. c4 g6 4. g3 Bg7 5. Bg2 O-O 6. Nc3 Bf5 7. Nh4 Bc8 8. O-O Nc6 9. Nf3 a6 10. h3 Bd7 11. e4 e5 12. Be3 b5 13. dxe5 Nxe5 14. Nxe5 dxe5 15. Qc2 bxc4 16. Rfd1 Qc8 17. Kh2 Rb8 18. Na4 Bxa4 19. Qxa4 Rxb2 20. Qxc4 Qb7 21. Rac1 h5 22. Rc2 Rb4 23. Qxc7 Qxc7 24. Rxc7 Nxe4 25. Bxe4 Rxe4 26. Rdd7 h4 27. Bc5 hxg3+ 28. Kxg3 Rb8 29. Rxf7 Bh8 30. Be3 Ra4 31. Rfd7 Bf6 32. Rc6 Rf8 33. Bc5 Rc4 34. Rdd6 Kh7 35. Rc7+ Kg8 36. Rdd7 Re8 37. Rc6 1-0

[Event "December 19 Late 2023"]
[Site "https://www.chess.com"]
[Date "2023.12.19"]
[Round "9"]
[White "Ivic, Velimir"]
[Black "Duda, Jan-Krzysztof"]
[Result "1-0"]
[Board "6"]
[TimeControl "180+1"]
[WhiteFideId "950122"]
[BlackFideId "1170546"]
[WhiteElo "2542"]
[BlackElo "2775"]
[WhiteTeam "SRB"]
[BlackTeam "POL"]
[WhiteClock "0:00:07"]
[BlackClock "0:00:00"]

1. e4 e5 2. Nf3 Nc6 3. Bb5 Nf6 4. d3 Bc5 5. Bxc6 dxc6 6. Nbd2 Be6 7. O-O Bd6 8. d4 Nd7 9. dxe5 Nxe5 10. Nxe5 Bxe5 11. f4 Bd4+ 12. Kh1 f5 13. Qh5+ g6 14. Qe2 O-O 15. Nf3 Bf6 16. e5 Be7 17. Rd1 Qe8 18. Be3 c5 19. Bf2 Kg7 20. Bh4 Bxh4 21. Nxh4 Qc6 22. Nf3 h6 23. Rd2 a5 24. Qe3 b6 25. Kg1 Rfd8 26. Rad1 Rxd2 27. Qxd2 Qe4 28. a3 Rf8 29. Re1 Qc4 30. Kf2 a4 31. Kg3 Kf7 32. Rd1 Ke7 33. Qd3 Qe4 34. h4 Ra8 35. Qd2 Qc4 36. Qd3 Qe4 37. Qd2 Qc4 38. Qd3 Qxd3 39. Rxd3 Ra5 40. Rd2 Rb5 41. c3 c6 42. Kf2 Bd5 43. g3 Rb3 44. Ne1 Be4 45. Ke3 Bd5 46. Nd3 h5 47. Nc1 Rb5 48. Rc2 Be4 49. Rd2 Bd5 50. Rc2 Bc4 51. Rd2 Ra5 52. Rd6 Bd5 53. Rxg6 Rb5 54. g4 hxg4 55. h5 Rxb2 56. Ne2 Bc4 57. Ng3 Rc2 58. Nxf5+ Kd7 59. Nh6 Rxc3+ 60. Kf2 Rf3+ 61. Kg2 Rxf4 62. Nxg4 b5 63. h6 Bd5+ 64. Kg3 Rf3+ 65. Kh4 Rf1 66. h7 Rh1+ 67. Kg5 Rxh7 68. Nf6+ Ke7 69. Nxh7 b4 70. Kf4 b3 71. Nf6 b2 72. Nxd5+ cxd5 73. Rg1 c4 74. Ke3 c3 75. Kd3 d4 76. Re1 Ke6 77. Kc2 Kf7 78. Kd3 Ke6 79. Kc2 Kf7 80. e6+ Ke7 81. Kd3 Kf8 82. e7+ Ke8 83. Kc2 1-0